 Dungeon Crawl Stone Soup version 0.28-a0-1142-gc8569940dd (webtiles) character file.

Game seed: 597336327707686218

751 Peloso the Covered (level 7, -11/61 HPs)
             Began as a Minotaur Fighter on Dec 13, 2021.
             Killed by divine providence
             ... invoked by an orc priest
              (13 damage)
             ... on level 4 of the Dungeon.
             The game lasted 00:05:22 (2945 turns).

Peloso the Covered (Minotaur Fighter)               Turns: 2945, Time: 00:05:23

Health: -11/61     AC: 10    Str: 21    XL:     7   Next: 49%
Magic:  6/6        EV: 16    Int:  5    God:
Gold:   81         SH:  5    Dex: 11    Spells: 6/6 levels left

rFire   . . .      SeeInvis .   a - +0 long sword
rCold   . . .      Faith    .   c - +0 buckler
rNeg    . . .      Spirit   .   h - +0 chain mail
rPois   .          Reflect  .   (helmet restricted)
rElec   .          Harm     .   (no cloak)
rCorr   .          Rampage  .   (no gloves)
Will    .....                   (no boots)
Stlth   ..........              (no amulet)
HPRegen 0.20/turn               t - ring of the Hare {EV+8}
MPRegen 0.10/turn               w - +4 ring of slaying

@: no status effects
A: horns 2, retaliatory headbutt
a: no special abilities


You were on level 4 of the Dungeon.
You visited 1 branch of the dungeon, and saw 4 of its levels.

You collected 152 gold pieces.
You spent 71 gold pieces at shops.

Inventory:

Hand Weapons
 a - a +0 long sword (weapon)
Armour
 b - a +0 scale mail
 c - a +0 buckler (worn)
 h - a +0 chain mail (worn)
Jewellery
 g - a +6 ring of intelligence
 t - the ring of the Hare (left hand) {EV+8}
   (You found it on level 4 of the Dungeon)

   [ring of evasion]

   EV:        It affects your evasion (+8).
 u - a ring of flight
 w - a +4 ring of slaying (right hand)
Wands
 v - a wand of flame (15)
Scrolls
 e - a scroll of identify
 f - a scroll of brand weapon
 i - 4 scrolls of noise
 j - a scroll of amnesia
 l - 2 scrolls of teleportation {unknown}
 m - a scroll of holy word {unknown}
 q - 2 scrolls of magic mapping
Potions
 d - 2 potions of might
 k - a potion of magic
 n - a potion of curing
 o - 2 potions of mutation
 p - a potion of heal wounds {unknown}
 r - a potion of berserk rage {unknown}
 s - a potion of ambrosia {unknown}


   Skills:
 + Level 5.3 Fighting
 + Level 6.4 Long Blades
 + Level 6.6 Armour
 + Level 1.8 Dodging
 + Level 0.2 Stealth
 + Level 4.8 Shields


You had 6 spell levels left.
You didn't know any spells.
Your spell library contained the following spells:

 Spells                   Type           Power      Damage    Failure   Level
 Passwall                 Tmut/Erth      0%         N/A       99%         2
 Leda's Liquefaction      Hex/Erth       0%         N/A       100%        4
 Lee's Rapid Deconstruct  Erth           0%         3d5*      100%        5
 Iron Shot                Conj/Erth      0%         9d1       100%        6


Dungeon Overview and Level Annotations

Branches:
Dungeon (4/15)
 Temple: D:4-7

Altars:
Nemelex Xobeh

Shops:
D:2 ?


Innate Abilities, Weirdness & Mutations

You have a pair of horns on your head.
You reflexively headbutt those who attack you in melee.


Message History

The orc priest closely misses you.
You hit the orc priest.
You kill the orc priest!
The orc hits you with a +2 flail of protection.
You hit the orc but do no damage. You block the orc's attack.
You closely miss the orc. You headbutt the orc.
The orc is heavily wounded.
The orc hits you with a +2 flail of protection.
You hit the orc. You headbutt the orc.
You kill the orc!
You hit the orc.
The orc is almost dead.
The orc misses you.
You slash the orc!
You kill the orc!
You slash the ogre!
The ogre is moderately wounded.
The ogre hits you with a +0 giant club!!
You hit the ogre.
The ogre is moderately wounded.
The ogre hits you with a +0 giant club!!
* * * LOW HITPOINT WARNING * * *
You hit the ogre.
The ogre is heavily wounded.
The ogre hits you with a +0 giant club.
* * * LOW HITPOINT WARNING * * *
You hit the ogre. You headbutt the ogre.
The ogre is almost dead.
The ogre barely misses you. You furiously retaliate!
You headbutt the ogre. You barely miss the ogre. You headbutt the ogre.
You kill the ogre!
The orc priest looks satisfied for a moment.
The endoplasm misses you.
Okay, then.
The orc priest mumbles some strange prayers to Beogh against you.
Beogh smites you!
* * * LOW HITPOINT WARNING * * *
The orc priest calls down the wrath of Beogh upon you.
Beogh smites you!
You die...

.#.#
#....#.#
... #.#
#....+.#
..## #.#
#....###
..# #.#
#....#
#o# #.#
#....#
### #.#
#.#
#....#
...
#.###.#
...
#.J##.#
...
##@##.#
....
#.##)#
....
#.##)#
....
#..#.#
....
##.#.#
....
#.#.#
....
#.†)#
##.
##..# #.
#..###
#.


You could see an orc priest and an endoplasm.

Vanquished Creatures
  A wyvern (D:4)
  A black bear (D:3)
  An ogre (D:4)
  2 scorpions (D:4)
  2 orc priests (D:4)
  An iguana (D:4)
  4 orc wizards
  2 adders
  A worm (D:4)
  3 dart slugs
  19 orcs
  3 bats (D:2)
  3 endoplasms
  3 giant cockroaches
  9 hobgoblins
  6 jackals (D:1)
  2 quokkas
  12 ball pythons
  5 frilled lizards
  2 goblins
  5 kobolds
  3 rats
90 creatures vanquished.

Notes
Turn   | Place    | Note
-------+----------+-------------------------------------------
     0 | D:1      | Peloso the Minotaur Fighter began the quest for the Orb.
     0 | D:1      | Reached XP level 1. HP: 19/19 MP: 0/0
   167 | D:1      | Reached XP level 2. HP: 27/27 MP: 1/1
   656 | D:2      | Reached XP level 3. HP: 30/33 MP: 2/2
   687 | D:2      | Found Refi's Magic Scroll Shoppe.
   723 | D:2      | Got Rell's Handbook of Clay
   730 | D:2      | Bought a scroll of identify for 22 gold pieces
   730 | D:2      | Bought a scroll of noise for 11 gold pieces
  1443 | D:2      | Bought a scroll of magic mapping for 38 gold pieces
  1544 | D:3      | Found a sparkling altar of Nemelex Xobeh.
  1704 | D:3      | Reached XP level 4. HP: 40/40 MP: 3/3
  1857 | D:3      | Noticed a black bear
  1866 | D:3      | Killed a black bear
  1867 | D:3      | Reached skill level 5 in Armour
  1867 | D:3      | Reached XP level 5. HP: 43/47 MP: 4/4
  2139 | D:3      | Found a faded altar of an unknown god.
  2438 | D:4      | Found the ring of the Hare {EV+8}
  2583 | D:4      | Reached skill level 1 in Dodging
  2583 | D:4      | Reached XP level 6. HP: 53/53 MP: 5/5
  2671 | D:4      | Reached skill level 5 in Long Blades
  2786 | D:4      | Noticed a wyvern
  2796 | D:4      | Killed a wyvern
  2797 | D:4      | Reached skill level 5 in Fighting
  2797 | D:4      | Reached XP level 7. HP: 37/61 MP: 6/6
  2944 | D:4      | HP: 2/61 [orc priest/divine providence (9)]
  2945 | D:4      | Killed from afar by an orc priest

Illustrated notes

Levels and vault maps discovered:
D:1:      lightli_arrival_quake, layout_basic
D:2:      layout_basic, serial_shops, nicolae_shop_trees,
          kennysheep_generic_room_8
D:3:      layout_basic, nemelex_altar_shiori, hellmonk_ecumenical_altar_run_dry
D:4:      layout_basic, minmay_snake_closets, uniq_ijyb

Skill      XL: |  1  2  3  4  5  6  7 |
---------------+----------------------+-----
Armour         | 4 5 6 |  6.6
Shields        | 4 |  4.8
Fighting       | 4 5 |  5.3
Long Blades    | 3 4 5 6 |  6.4
Dodging        | 1 |  1.8
Stealth        | |  0.2

Action                   |  1- 3 |  4- 6 |  7- 9 || total
-------------------------+-------+-------+-------++-------
Melee: Long sword        |   105 |    94 |    16 ||   215
       Headbutt          |    17 |    25 |     7 ||    49
  Use: Scroll            |     4 |     1 |       ||     5
Armor: Chain mail        |    67 |    25 |       ||    92
Dodge: Dodged            |    38 |    53 |     6 ||    97
Block: Buckler           |    33 |    16 |     1 ||    50

Table legend: (Time is in decaauts)
 A = Elapsed time spent in this place.
 B = Non-inter-level travel time spent in this place.
 C = Inter-level travel time spent in this place.
 D = Time resting spent in this place.
 E = Time spent auto-exploring this place.
 F = Levels seen in this place.
 G = Mean time per level.
                   A        B        C        D        E       F      G
               +--------+--------+--------+--------+--------+-----+--------+
         Total |   2989 |   2871 |    118 |      0 |   2164 |   4 |  747.2 |
       Dungeon |   2989 |   2871 |    118 |      0 |   2164 |   4 |  747.2 |
               +--------+--------+--------+--------+--------+-----+--------+

Top non-repeatable levels by time:
     D:3: 940 daAuts
     D:2: 933 daAuts
     D:1: 570 daAuts
     D:4: 544 daAuts
